 Dungeon Crawl Stone Soup version 0.31.0-9-g3a7656b989 (webtiles) character file.

Game seed: 14285383605440240601

75 MacCMillion the Chopper (level 4, -1/39 HPs)
             Began as a Hill Orc Fighter on Jan 26, 2024.
             Slain by an orc
             ... wielding a +2 hand axe of freezing
              (7 damage)
             ... on level 2 of the Dungeon.
             The game lasted 00:03:09 (1497 turns).

MacCMillion the Chopper (Hill Orc Fighter)          Turns: 1497, Time: 00:03:10

Health: -1/39      AC:  9    Str: 20    XL:     4   Next: 31%
Magic:  4/4        EV:  7    Int:  8    God:
Gold:   71         SH:  4    Dex: 10    Spells: 3/3 levels left

rFire   . . .        a - +0 war axe
rCold   . . .        c - +0 buckler
rNeg    . . .        j - +0 chain mail
rPois   .            (no helmet)
rElec   .            (no cloak)
rCorr   .            (no gloves)
SInv    .            (no boots)
Will    .....        (no amulet) Stlth
                     (no ring)
HPRegen 0.26/turn    (no ring)
MPRegen 0.09/turn

%: no passive effects
@: no status effects
A: no striking features
a: no special abilities


You were on level 2 of the Dungeon.
You visited 1 branch of the dungeon, and saw 3 of its levels.

You collected 183 gold pieces.
You spent 112 gold pieces at shops.

Inventory:

Hand Weapons
 a - a +0 war axe (weapon)
Missiles
 o - 5 javelins (quivered)
Armour
 c - a +0 buckler (worn)
 j - a +0 chain mail (worn)
Scrolls
 e - a scroll of identify
 f - a scroll of enchant weapon {unknown}
 i - a scroll of summoning {unknown}
 k - a scroll of fear
 n - a scroll of blinking {unknown}
Potions
 b - a potion of attraction
 d - 3 potions of might
 g - a potion of enlightenment
 h - a potion of brilliance
 l - 2 potions of curing
 m - a potion of degeneration


   Skills:
 - Level 3.6 Fighting
 + Level 5.2 Axes
 - Level 3.2 Armour
 - Level 4.0 Shields


You had 3 spell levels left.
You didn't know any spells.
Your spell library contained the following spells:

 Spells                   Type           Power      Damage    Failure   Level
 Sublimation of Blood     Necr           0%         N/A       99%         2
 Petrify                  Alch/Erth      0%         N/A       100%        4
 Irradiate                Conj/Alch      0%         3d11      100%        5


Dungeon Overview and Level Annotations

Branches:
Dungeon (3/15)

Altars:
Ru

Shops:
D:2 ?!=

Annotations:
D:2 1 runed translucent door, Crazy Yiuf


Message History

An orc comes into view. It is wielding a +0 flail.
The orc shouts!
The orc priest threatens, "By the altar or by the axe, you will meet Beogh!"
You slash the orc!
You kill the orc!
An orc comes into view. It is wielding a +0 whip.
The orc priest mumbles some strange prayers to Beogh against you.
Beogh smites you!
You hear a shout!
The orc hits you but does no damage.
You climb upwards.
Level annotation: 1 runed translucent door, Crazy Yiuf
There is a stone staircase leading down here.
You hit the orc but do no damage. The orc hits you but does no damage.
You barely miss the orc.
The orc hits you with a +2 hand axe of freezing.
The orc freezes you.
You hit the orc but do no damage. You block the orc's attack.
You barely miss the orc.
The orc hits you with a +2 hand axe of freezing!
The orc freezes you.
* * * LOW HITPOINT WARNING * * *
The orc hits you but does no damage.
You are too injured to fight recklessly!
You hit the orc but do no damage.
The orc hits you with a +2 hand axe of freezing.
* * * LOW HITPOINT WARNING * * *
The orc freezes you.
* * * LOW HITPOINT WARNING * * *
You hit the orc.
The orc is moderately wounded.
The orc barely misses you.
You hit the orc but do no damage.
The orc is moderately wounded.
The orc hits you with a +2 hand axe of freezing.
* * * LOW HITPOINT WARNING * * *
The orc freezes you.
* * * LOW HITPOINT WARNING * * *
The orc hits you with a +2 hand axe of freezing!
You die...

######.....................##..#
# #..#.....###.....#....###.##
######........###.##.............
...#....#.#....##....############
......###.#..#....####
_...<.....#...###.#
.......#####...[..# .......#
#....### .......# #.##.@###
.......# ##.###.o.# #......#
##...####.## ####### .......#
#....# #..## #.....# ...##..#
#....# ##..#####.....# ......##
♣.P..♣ ##....##.^...# ..<..##
♣.P.♣♣ ####..#.....# .....# ♣♣.♣♣
##.......# .....# ♣.♣♣ ###.....#


You could see an orc.

Vanquished Creatures
  Terence (D:2)
  An adder (D:2)
  3 dart slugs
  An orc (D:3)
  5 ball pythons
  6 bats
  2 endoplasms (D:2)
  2 giant cockroaches
  2 goblins
  2 hobgoblins (D:1)
  2 kobolds
  2 quokkas
  3 rats (D:2)
32 creatures vanquished.

Notes
Turn   | Place    | Note
-------+----------+-------------------------------------------
     0 | D:1      | MacCMillion the Hill Orc Fighter began the quest for the
                  | Orb.
     0 | D:1      | Reached XP level 1. HP: 19/19 MP: 1/1
    79 | D:1      | Reached skill level 3 in Axes
   219 | D:1      | Reached XP level 2. HP: 23/26 MP: 2/2
   652 | D:2      | Found a sacrificial altar of Ru.
   668 | D:2      | Reached XP level 3. HP: 24/31 MP: 3/3
   677 | D:2      | Reached skill level 4 in Axes
   886 | D:2      | Noticed Terence
   906 | D:2      | Killed Terence
   907 | D:2      | Reached skill level 5 in Axes
   907 | D:2      | Reached XP level 4. HP: 22/39 MP: 4/4
  1074 | D:2      | Found Raczurphu's Magic Scroll Shoppe.
  1116 | D:2      | Bought a scroll of fear for 40 gold pieces
  1116 | D:2      | Bought a scroll of identify for 20 gold pieces
  1158 | D:2      | Found Etenef's Jewellery Shop.
  1210 | D:2      | Found Ametiqeq's Distillery.
  1225 | D:2      | Bought a potion of curing for 39 gold pieces
  1225 | D:2      | Bought a potion of degeneration for 13 gold pieces
  1239 | D:2      | Identified the +0 ring mail "Saofriop" {Will+ Dex+3}
  1292 | D:2      | Found a runed translucent door.
  1293 | D:2      | Noticed Crazy Yiuf
  1497 | D:2      | Slain by an orc

Illustrated notes

Levels and vault maps discovered:
D:1:      dpeg_arrival_fog, layout_rooms, minmay_tetromino_i4
D:2:      layout_rooms, basic_altar, serial_shops, nicolae_shop_gaudy_bauble,
          shop, nicolae_shop_statue_plus, uniq_crazy_yiuf_cottage, uniq_terence
D:3:      layout_basic, serial_rivers, chequers_serial_rivers_marsh,
          chequers_serial_rivers_micro_d, chequers_serial_rivers_large_a,
          chequers_serial_rivers_marsh, chequers_serial_rivers_marsh

Skill      XL: |  1  2  3 |
---------------+----------+-----
Axes           | 3 5 |  5.2
Shields        | 4 |  4.0
Fighting       | |  3.6
Armour         | |  3.2

Action                     |  1- 3 |  4- 6 || total
---------------------------+-------+-------++-------
  Melee: War axe           |    77 |    21 ||    98
    Use: Scroll            |       |     3 ||     3
 Armour: Scale mail        |    70 |       ||    70
         Chain mail        |       |    12 ||    12
  Dodge: Dodged            |    50 |     4 ||    54
  Block: Buckler           |    23 |     3 ||    26
